 Dungeon Crawl Stone Soup version 0.27-a0-1147-gb3d8e82157 (webtiles) character file.

Game seed: 13461801559875035715

615622 Kinoniko the Slayer (level 27, 193/193 HPs)
             Began as a Gargoyle Berserker on May 12, 2021.
             Was the Champion of Makhleb.
             Quit the game on level 1 of the Abyss on May 20, 2021.
             The game lasted 02:22:06 (58501 turns).

Kinoniko the Slayer (Gargoyle Berserker)           Turns: 58501, Time: 02:22:07

Health: 193/193    AC: 62    Str: 35      XL:     27
Magic:  27/27      EV: 13    Int: 17 (18) God:    Makhleb [******]
Gold:   4423       SH: 17    Dex: 15      Spells: 26/26 levels left

rFire    + + +     SeeInvis +   V - +3 eveningstar of Gehenna {vorpal, Fragile +Blink Will+++ Str+4}
rCold    + + +     Faith    .   H - +0 kite shield of Pantheism {rPois Regen+ Int+5 Stlth-}
rNeg     + . .     Spirit   .   w - +9 scales of the Dragon King {rPois rF+ rC+ Will+}
rPois    ∞         Reflect  .   (helmet restricted)
rElec    +         Harm     .   U - scarf {rC+ rF+}
rCorr    .         Rampage  ∞   k - +0 pair of gloves of Sif Muna's Anger {Regen+ Int+4 SInv}
Will     +++++     Rnd*Rage +   Q - +3 pair of seven-league boots {Rampage+∞}
Stlth    ..........             z - amulet of regeneration
HPRegen  3.42/turn              n - ring of Biustali {rF+ rC+ Dex+6 SInv Stlth+}
MPRegen  0.20/turn              b - ring of Unoali Paos {AC+4 Str+3 Int-5 Stlth+}

@: flying
A: sickness immunity, AC +20, big wings, negative energy resistance 1,
electricity resistance, torment resistance 1, petrification resistance, horns 1,
iridescent scales 1, berserk 1, low mp 2, screaming 1, inability to read while
threatened, MP-powered wands
}: 3/15 runes: decaying, silver, gossamer
a: Renounce Religion, Evoke Blink, Minor Destruction, Lesser Servant of Makhleb,
Major Destruction, Greater Servant of Makhleb


You were on level 1 of the Abyss.
You worshipped Makhleb.
Makhleb was exalted by your worship.
You visited 9 branches of the dungeon, and saw 45 of its levels.
You visited the Abyss 4 times.
You also visited: Ice Cave.

You collected 8043 gold pieces.
You spent 3620 gold pieces at shops.

Inventory:

Hand Weapons
 V - the +3 eveningstar of Gehenna (weapon) {vorpal, Fragile +Blink Will+++ Str+4}
   (Trog gifted it to you on level 1 of the Swamp)

   It inflicts extra damage upon your enemies.
   It affects your strength (+4).
   It lets you blink.
   It will be destroyed if unequipped.
   It greatly increases your willpower.
Armour
 k - the +0 pair of gloves of Sif Muna's Anger (worn) {Regen+ Int+4 SInv}
   (You found it on level 6 of the Dungeon)

   It affects your intelligence (+4).
   It lets you see invisible.
   It increases your rate of health regeneration.
 w - the +9 scales of the Dragon King (worn) {rPois rF+ rC+ Will+}
   (You found it on level 1 of the Depths)

   It protects you from fire.
   It protects you from cold.
   It protects you from poison.
   It increases your willpower.
 H - the +0 kite shield of Pantheism (worn) {rPois Regen+ Int+5 Stlth-}
   (You found it on level 2 of the Vaults)

   It affects your intelligence (+5).
   It protects you from poison.
   It increases your rate of health regeneration.
   It makes you less stealthy.
 Q - the +3 pair of seven-league boots (worn) {Rampage+∞}
   (You found it on level 5 of the Vaults)
 U - a scarf of resistance (worn)
 Y - a +2 helmet
Jewellery
 b - the ring of Unoali Paos (right hand) {AC+4 Str+3 Int-5 Stlth+}
   (You found it on level 6 of the Lair of Beasts)

   [ring of protection]

   It affects your AC (+4).
   It affects your strength (+3).
   It affects your intelligence (-5).
   It makes you more stealthy.
 c - a ring of see invisible
 h - an amulet of reflection
 n - the ring of Biustali (left hand) {rF+ rC+ Dex+6 SInv Stlth+}
   (You found it on level 3 of the Elven Halls)

   [ring of dexterity]

   It affects your dexterity (+6).
   It protects you from fire.
   It protects you from cold.
   It lets you see invisible.
   It makes you more stealthy.
 r - a ring of magical power
 z - an amulet of regeneration (around neck)
Wands
 l - a wand of charming (56)
 u - a wand of paralysis (50)
 x - a wand of flame (194)
 B - a wand of digging (7)
 D - a wand of iceblast (56)
 F - a wand of mindburst (31)
 I - a wand of acid (19)
 K - a wand of polymorph (31)
Scrolls
 a - a scroll of holy word
 e - a scroll of amnesia
 o - a scroll of summoning
 q - a scroll of silence
 v - 26 scrolls of identify
 y - 19 scrolls of teleportation
 C - 4 scrolls of fear
 O - 3 scrolls of blinking
Potions
 d - a potion of resistance
 f - 17 potions of lignification
 g - 17 potions of curing
 J - 5 potions of cancellation
 L - a potion of mutation
 M - 4 potions of haste
 W - 2 potions of magic
 X - 7 potions of ambrosia
Miscellaneous
 j - a phial of floods
 p - a piece from Xom's chessboard (15/15)
 G - a lightning rod (4/4)
 S - a condenser vane
 T - a tin of tremorstones (2/2)


   Skills:
 + Level 25.3 Fighting
 + Level 19.2 Maces & Flails
 - Level 15.8 Armour
 - Level 12.6 Dodging
 - Level 18.2 Shields
 * Level 14.6 Invocations
 - Level 22.6 Evocations


You had 26 spell levels left.
You didn't know any spells.
Your spell library contained the following spells:

 Spells                   Type           Power      Damage    Failure   Level
 Animate Skeleton         Necr           0%         N/A       94%         1
 Apportation              Tloc           0%         N/A       94%         1
 Foxfire                  Conj/Fire      0%         2x1d4     94%         1
 Magic Dart               Conj           0%         1d3       94%         1
 Pain                     Necr           0%         1d4       94%         1
 Sandblast                Erth           0%         2d4       94%         1
 Passwall                 Tmut/Erth      0%         N/A       98%         2
 Searing Ray              Conj           0%         3d3       98%         2
 Dazzling Flash           Conj/Hex       0%         N/A       100%        3
 Lesser Beckoning         Tloc           0%         N/A       100%        3
 Stone Arrow              Conj/Erth      0%         3d7       100%        3
 Tukima's Dance           Hex            0%         N/A       100%        3
 Vampiric Draining        Necr           0%         2d6       100%        3
 Animate Dead             Necr           0%         N/A       100%        4
 Cause Fear               Hex            0%         N/A       100%        4
 Fulminant Prism          Conj/Hex       0%         3d6       100%        4
 Hailstorm                Conj/Ice       0%         3d3       100%        4
 Iskenderun's Mystic Bla  Conj/Tloc      0%         2d3       100%        4
 Petrify                  Tmut/Erth      0%         N/A       100%        4
 Sticky Flame             Conj/Fire      0%         2d3       100%        4
 Agony                    Necr           0%         N/A       100%        5
 Alistair's Intoxication  Tmut/Pois      0%         N/A       100%        5
 Lee's Rapid Deconstruct  Erth           0%         3d5*      100%        5
 Silence                  Hex/Air        0%         N/A       100%        5
 Yara's Violent Unravell  Hex/Tmut       0%         3d3       100%        5
 Conjure Ball Lightning   Conj/Air       0%         3x3d6     100%        6
 Dispersal                Tloc           0%         N/A       100%        6
 Invisibility             Hex            0%         N/A       100%        6
 Shadow Creatures         Summ           N/A        N/A       100%        6
 Simulacrum               Ice/Necr       0%         N/A       100%        6
 Starburst                Conj/Fire      0%         8x6d3     100%        6
 Dragon Form              Tmut           0%         N/A       100%        7
 Haunt                    Necr/Summ      0%         N/A       100%        7
 Malign Gateway           Summ/Tloc      0%         N/A       100%        7
 Monstrous Menagerie      Summ           0%         N/A       100%        7
 Spellforged Servitor     Conj/Summ      0%         N/A       100%        7
 Discord                  Hex            0%         N/A       100%        8
 Summon Horrible Things   Summ           0%         N/A       100%        8
 Dragon's Call            Summ           0%         N/A       100%        9


Dungeon Overview and Level Annotations

Branches:
Dungeon (15/15)            Temple (1/1) D:7            Lair (6/6) D:8
  Swamp (4/4) Lair:3       Spider (4/4) Lair:3        Slime (0/5) Lair:5
    Orc (2/2) D:9             Elf (3/3) Orc:2        Vaults (5/5) D:14
  Crypt (0/3) Vaults:3     Depths (5/5) D:15            Zot (0/5) Depths:5
  IceCv (visited)

Altars:
Ashenzari
Cheibriados
Dithmenos
Elyvilon
Fedhas
Gozag
Hepliaklqana
Kikubaaqudgha
Makhleb
Nemelex Xobeh
Okawaru
Qazlal
Ru
Sif Muna
Trog
Uskayaw
Vehumet
Wu Jian
Xom
Yredelemnul
Zin
The Shining One
Beogh
Jiyva
Lugonu

Shops:
D:2 :   D:5 *   D:15 ?   Orc:2 !:[**   Elf:1 !   Elf:2 :   Vaults:2 ?
Vaults:4 *   Depths:1 =   Depths:2 !   Depths:5 =*

Portals:
Hell: Depths:1 Depths:2 Depths:3 Depths:4 Depths:5
Abyss: Depths:1 Depths:2 Depths:4
Pandemonium: Depths:1 Depths:3 Depths:4
Ziggurat: Depths:2
Trove: Elf:3 (give +4 storm dragon scales)

Annotations:
D:4 1 runed translucent door, boysha's ghost, amateur NaWr
D:14 2 transporters, tensugalgo's ghost, novice FeEE
Lair:2 exclusion: oklob plant
Lair:6 3 runed translucent doors, Pagrax's ghost, journeyman DDFi
Spider:4 2 transporters, exclusions: ice statue and oklob plant, Arachne; Asoiz's ghost, adept TeMo; Duqoann's ghost, journeyman DgWn


Innate Abilities, Weirdness & Mutations

You are immune to sickness and miasma.
Your stone body is resilient. (AC +20)
You are immune to poison.
Your large and strong wings let you fly.
You resist negative energy. (rN+)
You are resistant to electric shocks. (rElec)
You are resistant to unholy torment.
You are immune to petrification.
You have a pair of small horns on your head.
You are partially covered in iridescent scales. (AC +2)
You tend to lose your temper in combat.
Your magical capacity is very low. (-20% MP)
You occasionally shout uncontrollably at your foes.
You sometimes lose the ability to read scrolls when taking damage.
You expend magic power (3 MP) to strengthen your wands.


Message History

You block the hellwing's attack. x2
You closely miss the hellwing.
You headbutt the hellwing, but do no damage.
The hellwing is heavily wounded.
Unknown command.
You closely miss the hellwing. You headbutt the hellwing!
The hellwing is severely wounded.
You block the hellwing's attack. The hellwing closely misses you.
You block the small abomination's attack.
The smoke demon gestures at you. Something smites you!
Unknown command.
You stick the hellwing like a pincushion!!!
You kill the hellwing!
Makhleb accepts your kill.
You feel better.
Unknown command.
You flatten the small abomination like a pancake!!!
You destroy the small abomination!
Makhleb accepts your kill.
You feel better.
Unknown command.
No target in view!
No target in view!
Unknown command.
No target in view!
Unknown command.
A smoke demon is nearby!
A smoke demon is nearby!
The smoke demon gestures at you. The ball of steam misses you.
There is a gateway leading out of the Abyss here.
You pound the smoke demon like an anvil!!!
You kill the smoke demon!
Makhleb accepts your kill.
No target in view!
No target in view!
No target in view!
Okay, then.
Are you sure you want to abandon this character and quit the game? (Confirm with "yes".)

#. ..#( . . ##.. .
.. .. . #. . . ## #
# # # ##### # . .#.
... .# . .. .. ..#
.### # ## .
...###.###.#.# . #.
#...#.#..#.# .
#.#..#......§..#....
..##.....@........
#.##
#.###..##.##....
..#.##...##.# . ..
#... #.. §.# ##
#.#§# # 4. .. . ....
. # .#.#. # .. . ##.
# #.


There were no monsters in sight!

Vanquished Creatures
  4 dread liches
  2 ancient liches
  the Lernaean hydra (Swamp:4)
  Bai Suzhen (Spider:3)
  Xtahua (Depths:4)
  3 golden dragons
  A golden dragon (shapeshifter) (Vaults:5)
  5 bone dragons
  7 tentacled monstrosities
  6 liches
  A quicksilver dragon (Vaults:5)
  2 deep elf blademasters (Elf:3)
  A deep elf master archer (Elf:3)
  4 titans
  26 tentacled starspawn
  5 Executioners
  9 sphinxes
  Frances (D:12)
  8 shadow dragons
  A draconian monk (Depths:5)
  A revenant (Abyss:1)
  6 storm dragons
  9 tengu reavers
  A thorn hunter (Swamp:2)
  11 fire giants
  Donald (Vaults:1)
  The ghost of Lofupn the Imperceptible, an adept SpEn of Wu Jian (Vaults:3)
  5 cacodemons
  10 deep elf sorcerers
  5 frost giants
  2 iron dragons
  3 orc warlords
  2 balrugs
  3 emperor scorpions
  Louise (D:14)
  A curse skull (Vaults:3)
  3 ghost moths
  17 vault wardens
  Aizul (Spider:4)
  A draconian scorcher (Abyss:1)
  18 ironbound preservers
  2 ophanim
  2 reapers
  2 deep elf elementalists (Elf:3)
  A draconian shifter (Depths:5)
  33 very ugly things
  3 war gargoyles
  A caustic shrike skeleton (Depths:3)
  10 deep elf demonologists
  Nessos (Lair:5)
  39 stone giants
  A green draconian (Abyss:3)
  11 deep elf annihilators
  2 vampire knights
  2 black draconians (Depths:5)
  2 white draconians
  A yellow draconian (Depths:5)
  A spark wasp (shapeshifter) (Depths:1)
  9 spark wasps
  3 red draconians
  3 entropy weavers
  8 bunyips
  2 merfolk javelineers (Depths:4)
  3 lorocyprocas
  2 eidola
  2 blizzard demons
  7 dire elephants
  4 deep elf death magi
  17 ettins
  2 crystal guardians (Vaults:4)
  An eleionoma (Swamp:3)
  2 green deaths
  Snorg (D:12)
  8 jiangshi
  10 fire dragons
  A merfolk impaler (Depths:4)
  20 great orbs of eyes
  8 deep elf high priests
  8 ironbound thunderhulks
  17 yaktaur captains
  44 vault guards
  2 boulder beetles
  21 hydras
  12 rakshasas
  2 ghost crabs
  A peacekeeper (Vaults:4)
  6 ice dragons
  4 spriggan air magi
  10 ironbound frosthearts
  A death knight (Abyss:2)
  A merfolk avatar (Lair:6)
  14 centaur warriors
  9 alligators
  A catoblepas (Lair:6)
  25 dancing weapons
  8 two-headed ogres
  4 deep troll shamans
  5 hell hogs
  13 tengu warriors
  The ghost of Wimumef the Destroyer, a journeyman DECj of Cheibriados (D:11)
  28 thrashing horrors
  5 death yaks (Lair:4)
  10 deep troll earth magi
  6 ironbound beastmasters
  Sonja (Lair:6)
  An orc high priest (Orc:2)
  3 spriggan berserkers
  A death yak (shapeshifter) (Vaults:5)
  2 naga sharpshooters (Abyss:1)
  2 hell knights
  3 sun demons
  5 vampire magi
  A soul eater (Depths:3)
  A skeletal warrior (Abyss:2)
  16 wretched stars
  6 deep elf knights
  A golden dragon zombie (Depths:3)
  2 shadow wraiths (Abyss:5)
  3 spatial maelstroms
  12 iron trolls
  5 goliath frogs (Swamp:2)
  6 sixfirhies
  A death drake (Abyss:3)
  A fire crab (Lair:5)
  5 spriggan druids
  A sea snake (Lair:5)
  A torturous demonspawn (Depths:3)
  9 glowing orange brains
  11 swamp dragons
  71 deep trolls
  A glowing orange brain (shapeshifter) (Vaults:4)
  An anaconda zombie (Abyss:5)
  A gelid demonspawn (Depths:4)
  3 flayed ghosts
  7 bog bodies
  19 ironbound convokers
  A lindwurm (Vaults:3)
  A phantasmal warrior (Vaults:5)
  A harpy (Lair:6)
  7 deep elf archers
  12 wizards
  2 shadow demons
  A necromancer (Depths:3)
  19 deep elf zephyrmancers
  17 orb spiders
  28 wolf spiders
  26 deep elf pyromancers
  A shining eye (Depths:2)
  2 orc sorcerers
  6 orc knights
  7 will-o-the-wisps
  20 cyclopes
  68 ugly things
  An iron dragon skeleton (Depths:3)
  6 worldbinders
  2 moths of wrath
  13 elephants
  2 moths of wrath (shapeshifter)
  2 manticores
  A fire giant skeleton (Abyss:5)
  3 black mambas
  Maurice (D:12)
  4 rust devils
  5 orange demons
  An ice statue (IceCv)
  4 apocalypse crabs
  A guardian serpent (Abyss:3)
  4 torpor snails
  A black mamba (shapeshifter) (Abyss:5)
  A naga mage (Abyss:1)
  Maggie (D:8)
  7 eyes of devastation
  A guardian serpent (shapeshifter) (Elf:3)
  17 smoke demons
  12 vault sentinels
  12 cane toads
  3 efreet
  5 rime drakes
  A gargoyle (D:14)
  2 hellions
  Psyche (D:9)
  An unseen horror (Abyss:5)
  An emperor scorpion zombie (Abyss:1)
  3 tormentors
  36 yaktaurs
  A kobold demonologist (D:13)
  2 red devils
  7 freezing wraiths
  An ice devil (Depths:3)
  7 komodo dragons
  13 ancient zymes
  A tengu conjurer (D:15)
  10 hellwings
  6 demonic crawlers
  A silent spectre (Abyss:3)
  A troll (shapeshifter) (Vaults:4)
  5 tyrant leeches
  A jumping spider (shapeshifter) (Abyss:2)
  7 trolls
  33 jumping spiders
  25 polar bears
  12 meliai
  A tyrant leech (shapeshifter) (Depths:2)
  10 blink frogs
  Prince Ribbit (D:6)
  24 hornets
  A bloated husk (Swamp:2)
  A polar bear (shapeshifter) (Elf:3)
  A merfolk (Abyss:1)
  31 raiju
  A dream sheep (shapeshifter) (Vaults:5)
  A snapping turtle (shapeshifter) (Abyss:2)
  42 slime creatures
  A harpy skeleton (Abyss:2)
  An ettin zombie (Abyss:2)
  7 dream sheep
  A frost giant simulacrum (Abyss:3)
  2 vampires
  5 air elementals
  2 flying skulls (Abyss:1)
  21 spriggans
  47 yaks
  2 shadows
  75 redbacks
  20 tarantellas
  15 ynoxinuls
  5 basilisks
  5 wraiths
  A black mamba skeleton (Abyss:3)
  4 fire bats
  3 fire elementals (Elf:3)
  6 wyverns
  6 golden eyes
  15 neqoxecs
  12 water elementals
  Eustachio (D:6)
  10 chaos spawn
  Menkaure (D:6)
  3 spatial vortices
  A warg (shapeshifter) (Elf:3)
  4 vampire mosquitoes (D:13)
  A warg (Orc:1)
  57 large abominations
  14 swamp worms
  An acid dragon (D:14)
  A water moccasin (shapeshifter) (D:15)
  19 water moccasins
  4 hell hounds (Abyss:1)
  A floating eye (Depths:2)
  2 sky beasts (D:6)
  4 swamp drakes
  9 orc warriors
  14 black bears
  15 ogres
  31 small abominations
  34 wolves
  3 boggarts
  18 centaurs
  A phantom (D:7)
  Blork the orc (D:4)
  9 bullfrogs
  5 scorpions
  2 earth elementals
  5 killer bees (D:9)
  5 wights (D:9)
  6 howler monkeys
  2 electric eels (Lair:4)
  4 centaur zombies
  A crimson imp (Abyss:1)
  A bullfrog zombie (D:6)
  65 starcursed masses
  4 quasits
  A bullfrog skeleton (D:6)
  3 hounds
  3 iron imps
  2 jellies (D:7)
  A gnoll shaman (D:4)
  17 orc priests
  3 iguanas
  9 orc wizards
  A hell rat (Abyss:1)
  A killer bee zombie (D:8)
  A hound zombie (D:5)
  3 hound skeletons (D:4)
  4 howler monkey zombies
  13 gnolls
  3 adders
  2 shadow imps
  20 white imps
  15 ufetubi
  5 worms
  47 orcs
  6 bats
  13 endoplasms
  2 giant cockroaches
  13 goblins
  9 hobgoblins
  11 jackals
  4 quokkas
  4 ball pythons
  4 frilled lizards
  11 kobolds
  6 rats
  A lurking horror (Abyss:1)
  18 starspawn tentacles
2371 creatures vanquished.

Vanquished Creatures (collateral kills)
  A tentacled monstrosity (Swamp:4)
  A frost giant (IceCv)
  A deep elf sorcerer (Elf:3)
  2 ghost moths (Spider:4)
  A deep elf elementalist (Elf:3)
  A vault warden (Vaults:3)
  An ironbound preserver (Vaults:3)
  An entropy weaver (Vaults:3)
  2 spark wasps (Spider:4)
  An eidolon (Vaults:3)
  A deep elf death mage (Elf:3)
  5 hydras
  A boulder beetle (D:14)
  A dancing weapon (Elf:3)
  A death yak (IceCv)
  An alligator (Swamp:4)
  2 tengu warriors (D:14)
  2 orc high priests (Orc:2)
  4 swamp dragons (Swamp:4)
  A wizard (D:14)
  5 bog bodies (Swamp:4)
  4 orc knights (Orc:2)
  3 orb spiders (Spider:4)
  8 ugly things (D:14)
  A manticore (D:14)
  4 orc sorcerers (Orc:2)
  6 wolf spiders
  A will-o-the-wisp (Swamp:3)
  A moth of wrath (Spider:4)
  A torpor snail (Spider:4)
  A komodo dragon (Lair:3)
  6 yaktaurs (Vaults:3)
  A freezing wraith (D:14)
  2 polar bears (IceCv)
  2 demonic crawlers
  5 jumping spiders
  A tyrant leech (Swamp:3)
  A hornet (Swamp:4)
  13 redbacks
  7 tarantellas
  2 spriggans (Swamp:4)
  2 swamp worms
  5 swamp drakes
  5 orc warriors (Orc:2)
  3 wolves (Lair:3)
  2 boggarts (D:15)
  4 orc priests (Orc:2)
  4 orc wizards (Orc:2)
131 creatures vanquished.

Vanquished Creatures (others)
  A fenstrider witch (Swamp:4)
  2 hydras (Swamp:4)
  A deep elf knight (Elf:2)
  2 swamp dragons (Swamp:4)
  A bog body (Swamp:4)
  A wizard (Vaults:3)
  A deep elf pyromancer (Elf:3)
  A deep elf zephyrmancer (Elf:3)
  A bloated husk (Swamp:4)
  2 golden eyes
  A swamp worm (Swamp:2)
  A swamp drake (Swamp:4)
  An ogre (Abyss:1)
  A small abomination (Abyss:1)
  An electric eel (Elf:3)
  A starcursed mass (Abyss:5)
  An ufetubus (Abyss:1)
  22 foxfires
  20 fungi
  3 lurking horrors
  38 plants
  41 starspawn tentacles
144 creatures vanquished.

Grand Total: 2646 creatures vanquished

Notes
Turn   | Place    | Note
-------+----------+-------------------------------------------
     0 | D:1      | Kinoniko the Gargoyle Berserker began the quest for the
                  | Orb.
     0 | D:1      | Reached XP level 1. HP: 14/14 MP: 1/1
   146 | D:1      | Reached XP level 2. HP: 19/19 MP: 2/2
   575 | D:1      | Found a faded altar of an unknown god.
  1011 | D:2      | Found Tiff's Book Shop.
  1024 | D:2      | Reached XP level 3. HP: 13/24 MP: 3/3
  1260 | D:2      | Reached ** piety under Trog
  1803 | D:2      | Reached skill level 4 in Fighting
  2163 | D:3      | Reached XP level 4. HP: 28/29 MP: 4/4
  3113 | D:3      | Noticed a black bear
  3119 | D:3      | Killed a black bear
  3120 | D:3      | Reached skill level 5 in Maces & Flails
  3120 | D:3      | Reached XP level 5. HP: 33/33 MP: 5/5
  3535 | D:4      | Found a blossoming altar of Fedhas.
  3580 | D:4      | Reached XP level 6. HP: 38/38 MP: 6/6
  3615 | D:4      | Reached *** piety under Trog
  3863 | D:4      | Found a runed translucent door.
  3869 | D:4      | Noticed boysha's ghost (amateur NaWr)
  4048 | D:4      | Found a sacrificial altar of Ru.
  4072 | D:4      | Noticed Blork the orc
  4083 | D:4      | Killed Blork the orc
  4088 | D:4      | Reached XP level 7. HP: 43/43 MP: 7/7
  4845 | D:5      | Entered Level 5 of the Dungeon
  4923 | D:5      | Identified the +9 whip "Topys" {freeze, rN+ Will+++ rCorr
                  | Int-3}
  5030 | D:5      | Found Rumum's Assorted Antiques.
  5033 | D:5      | Bought a bronze ring for 140 gold pieces
  5459 | D:5      | Noticed a two-headed ogre
  5925 | D:6      | Reached XP level 8. HP: 48/48 MP: 8/8
  5988 | D:6      | Noticed Eustachio
  5995 | D:6      | Killed Eustachio
  6225 | D:6      | Noticed Prince Ribbit
  6231 | D:6      | Killed Prince Ribbit
  6232 | D:6      | Reached skill level 10 in Maces & Flails
  6394 | D:6      | Found a shadowy altar of Dithmenos.
  6448 | D:6      | Reached XP level 9. HP: 34/52 MP: 9/9
  6585 | D:6      | Noticed Menkaure
  6595 | D:6      | Killed Menkaure
  6639 | D:6      | Identified the +0 pair of gloves of Sif Muna's Anger
                  | {Regen+ Int+4 SInv}
  7015 | D:7      | Found a staircase to the Ecumenical Temple.
  7086 | D:7      | Reached **** piety under Trog
  7093 | D:7      | Identified the ring "Dic Suar" {Fire rPois rCorr SInv
                  | Stlth-}
  7448 | D:7      | Found a shimmering altar of Xom.
  7535 | D:7      | Found a sparkling altar of Nemelex Xobeh.
  7911 | D:8      | Noticed Maggie
  7919 | D:8      | Killed Maggie
  7920 | D:8      | Reached skill level 5 in Fighting
  8039 | D:8      | Found a staircase to the Lair.
  8219 | D:7      | Reached XP level 10. HP: 59/59 MP: 10/10
  8321 | D:8      | Reached skill level 6 in Fighting
  8776 | D:9      | You are sucked into a shaft and drop 1 floor!
  8776 | D:10     | Entered Level 10 of the Dungeon
  8985 | D:10     | Found a broken altar of Ashenzari.
  9018 | D:10     | Noticed a two-headed ogre
  9025 | D:10     | Killed a two-headed ogre
  9026 | D:10     | Reached skill level 7 in Fighting
  9298 | D:9      | Noticed Psyche
  9306 | D:9      | Killed Psyche
  9350 | D:9      | Found a staircase to the Orcish Mines.
  9654 | D:9      | Reached XP level 11. HP: 68/68 MP: 11/11
  9656 | D:9      | Reached ***** piety under Trog
  9665 | D:9      | Reached skill level 8 in Fighting
 10352 | Lair:1   | Entered Level 1 of the Lair of Beasts
 10390 | Lair:1   | Found a frozen archway.
 10405 | Lair:1   | Reached skill level 15 in Maces & Flails
 10450 | IceCv    | Entered an ice cave
 10630 | IceCv    | Reached skill level 9 in Fighting
 11028 | IceCv    | Reached XP level 12. HP: 75/77 MP: 12/12
 11048 | IceCv    | Reached skill level 10 in Fighting
 11110 | IceCv    | Noticed a frost giant
 11110 | IceCv    | Noticed a death yak
 11115 | IceCv    | Killed a death yak
 11143 | IceCv    | Killed a frost giant
 12956 | Lair:2   | Reached skill level 11 in Fighting
 13166 | Lair:2   | Noticed a seven-headed hydra
 13184 | Lair:2   | Killed a seven-headed hydra
 13347 | Lair:2   | Noticed a seven-headed hydra
 13354 | Lair:2   | Killed a seven-headed hydra
 13685 | Lair:3   | Found a hole to the Spider Nest.
 13878 | Lair:3   | Reached XP level 13. HP: 85/85 MP: 13/13
 13894 | Lair:3   | Reached skill level 12 in Fighting
 13986 | Lair:3   | Received a gift from Trog
 14008 | Lair:3   | Reached skill level 5 in Armour
 14336 | Lair:3   | Found a staircase to the Swamp.
 15013 | Lair:4   | Reached skill level 13 in Fighting
 15578 | Lair:5   | Found a viscous altar of Jiyva.
 15579 | Lair:5   | Found a staircase to the Slime Pits.
 15619 | Lair:5   | Noticed Nessos
 15647 | Lair:5   | Killed Nessos
 15746 | Lair:5   | Reached skill level 5 in Dodging
 16134 | Lair:6   | Entered Level 6 of the Lair of Beasts
 16282 | Lair:6   | Reached skill level 14 in Fighting
 16289 | Lair:6   | Gained mutation: Your large and strong wings let you fly.
                  | [Gargoyle growth]
 16289 | Lair:6   | Reached XP level 14. HP: 96/96 MP: 14/14
 16347 | Lair:6   | Noticed a dire elephant
 16370 | Lair:6   | Killed a dire elephant
 16453 | Lair:6   | Received a gift from Trog
 16599 | Lair:6   | Noticed Sonja
 16625 | Lair:6   | Killed Sonja
 16667 | Lair:6   | Identified the ring of Unoali Paos {AC+4 Str+3 Int-5
                  | Stlth+}
 16793 | Lair:6   | Reached skill level 15 in Fighting
 16848 | Lair:6   | Found a runed translucent gate.
 16848 | Lair:6   | Found a runed translucent gate.
 16848 | Lair:6   | Found a runed translucent gate.
 16851 | Lair:6   | Found a viscous altar of Jiyva.
 16851 | Lair:6   | Noticed a quicksilver ooze
 16851 | Lair:6   | Noticed Pagrax's ghost (journeyman DDFi)
 17799 | D:10     | Found an opulent altar of Gozag.
 17799 | D:10     | Found an ornate altar of the Wu Jian Council.
 18115 | D:10     | Found a shimmering blue altar of Sif Muna.
 18115 | D:10     | Found a radiant altar of Vehumet.
 18124 | D:10     | Found a faded altar of an unknown god.
 18126 | D:10     | Found a snail-covered altar of Cheibriados.
 18128 | D:10     | Found a burning altar of Makhleb.
 18350 | D:11     | Found a runed translucent door.
 18362 | D:11     | Noticed Wimumef's ghost (journeyman DECj)
 18365 | D:11     | Identified the +7 trident "Yharoaj" {protect, rC+ Int+4
                  | Stlth-}
 19104 | D:11     | Killed Wimumef's ghost
 19159 | D:12     | Noticed Snorg
 19168 | D:12     | Killed Snorg
 19343 | D:12     | Noticed Maurice
 19352 | D:12     | Killed Maurice
 19385 | D:12     | Reached ****** piety under Trog
 19657 | D:12     | Noticed Frances
 19665 | D:12     | Killed Frances
 19666 | D:12     | Reached XP level 15. HP: 104/104 MP: 15/15
 19789 | D:13     | Reached skill level 16 in Fighting
 19886 | D:13     | Found a hide-covered altar of Uskayaw.
 19954 | D:13     | Received a gift from Trog
 20392 | D:13     | Reached skill level 10 in Armour
 20710 | D:14     | Noticed Louise
 20742 | D:14     | Killed Louise
 20787 | D:14     | Noticed tensugalgo's ghost (novice FeEE)
 20790 | D:14     | Found a transporter.
 20795 | D:14     | Found a transporter.
 20830 | D:14     | Reached skill level 1 in Shields
 21129 | D:14     | Found a gate to the Vaults.
 21336 | Orc:1    | Entered Level 1 of the Orcish Mines
 21560 | Orc:2    | Entered Level 2 of the Orcish Mines
 21560 | Orc:2    | Found a staircase to the Elven Halls.
 21659 | Orc:2    | Found Ihistr Darui's Assorted Antiques.
 22536 | Orc:2    | Found Vofuriej's Assorted Antiques.
 22549 | Orc:2    | Received a gift from Trog
 22550 | Orc:2    | Reached skill level 17 in Fighting
 22607 | Orc:2    | Found Seyll's Book Boutique.
 22621 | Orc:2    | Found Siqin's Antique Armour Boutique.
 22630 | Orc:2    | Found Didy's Distillery.
 22874 | Orc:2    | Bought a potion of haste for 150 gold pieces
 22874 | Orc:2    | Bought 2 potions of might for 120 gold pieces
 22874 | Orc:2    | Bought a potion of lignification for 45 gold pieces
 22874 | Orc:2    | Bought a potion of invisibility for 120 gold pieces
 22874 | Orc:2    | Bought a potion of lignification for 45 gold pieces
 22874 | Orc:2    | Bought a potion of heal wounds for 75 gold pieces
 22874 | Orc:2    | Bought 2 potions of curing for 90 gold pieces
 22874 | Orc:2    | Bought a potion of curing for 45 gold pieces
 22874 | Orc:2    | Bought a potion of heal wounds for 75 gold pieces
 22874 | Orc:2    | Bought a potion of might for 60 gold pieces
 23054 | D:15     | Entered Level 15 of the Dungeon
 23365 | Orc:2    | Bought a pair of glowing boots for 217 gold pieces
 23905 | D:15     | Reached XP level 16. HP: 110/112 MP: 16/16
 24552 | D:15     | Found Mul Tem's Magic Scroll Shop.
 24688 | D:15     | Found a staircase to the Depths.
 24904 | Spider:1 | Entered Level 1 of the Spider Nest
 24937 | Spider:1 | Reached skill level 5 in Shields
 25124 | Swamp:1  | Entered Level 1 of the Swamp
 25380 | Swamp:1  | Identified the +3 eveningstar of Gehenna {vorpal, Fragile
                  | +Blink Will+++ Str+4} (Trog gifted it to you on level 1 of
                  | the Swamp)
 25380 | Swamp:1  | Received a gift from Trog
 25415 | Swamp:1  | Reached skill level 18 in Fighting
 25778 | Swamp:2  | Noticed a thorn hunter
 25795 | Swamp:2  | Killed a thorn hunter
 25914 | Swamp:2  | Reached skill level 1 in Evocations
 26726 | Swamp:3  | Reached XP level 17. HP: 53/120 MP: 17/17
 26918 | Swamp:3  | Reached skill level 5 in Evocations
 27124 | Swamp:4  | Entered Level 4 of the Swamp
 27158 | Swamp:4  | Reached skill level 19 in Fighting
 27174 | Swamp:4  | Noticed a tentacled monstrosity
 27183 | Swamp:4  | Killed a tentacled monstrosity
 27290 | Swamp:4  | Noticed the 27-headed Lernaean hydra
 27302 | Swamp:4  | Killed the 27-headed Lernaean hydra
 27311 | Swamp:4  | Got a decaying rune of Zot
 28557 | Spider:1 | You are sucked into a shaft and drop 1 floor!
 28715 | Spider:2 | Reached XP level 18. HP: 55/129 MP: 18/18
 28786 | Spider:2 | You are sucked into a shaft and drop 1 floor!
 28974 | Spider:1 | Received a gift from Trog
 29257 | Spider:1 | Reached skill level 20 in Fighting
 31498 | Spider:3 | Noticed Bai Suzhen
 31512 | Spider:3 | Killed Bai Suzhen
 32060 | Spider:4 | Entered Level 4 of the Spider Nest
 32060 | Spider:4 | Noticed Aizul
 32067 | Spider:4 | Received a gift from Trog
 32078 | Spider:4 | Killed Aizul
 32321 | Spider:4 | Found a transporter.
 32324 | Spider:4 | Found a transporter.
 32340 | Spider:4 | Noticed Duqoann's ghost (journeyman DgWn)
 32345 | Spider:4 | Noticed Arachne
 32345 | Spider:4 | Noticed Asoiz's ghost (adept TeMo)
 32594 | Spider:4 | Reached skill level 10 in Dodging
 32753 | Spider:4 | Reached skill level 10 in Evocations
 32964 | Spider:4 | Got a gossamer rune of Zot
 33422 | Elf:1    | Entered Level 1 of the Elven Halls
 33479 | Elf:1    | Identified the +4 ring mail "Nuluchib" {rElec}
 33562 | Elf:1    | Reached XP level 19. HP: 131/136 MP: 19/19
 33626 | Elf:1    | Found Oluex's Distillery.
 34637 | Elf:2    | Found Dotz's Book Shoppe.
 34827 | Elf:2    | Found a huge runed translucent gate.
 34827 | Elf:2    | Found a huge runed translucent gate.
 34827 | Elf:2    | Found a huge runed translucent gate.
 34827 | Elf:2    | Found a huge runed translucent gate.
 34827 | Elf:2    | Found a huge runed translucent gate.
 35150 | Elf:2    | Reached skill level 21 in Fighting
 35721 | Vaults:1 | Entered Level 1 of the Vaults
 36248 | Vaults:1 | Received a gift from Trog
 36588 | Vaults:1 | Noticed Donald
 36592 | Vaults:1 | Killed Donald
 37304 | Vaults:2 | Found Ypukuvot's Magic Scroll Boutique.
 37315 | Vaults:2 | Bought a scroll of identify for 20 gold pieces
 37315 | Vaults:2 | Bought a scroll of identify for 20 gold pieces
 37315 | Vaults:2 | Bought a scroll of identify for 20 gold pieces
 37371 | Vaults:2 | Reached XP level 20. HP: 144/144 MP: 20/20
 37565 | Vaults:2 | Received a gift from Trog
 37827 | Vaults:2 | Identified the +0 kite shield of Pantheism {rPois Regen+
                  | Int+5 Stlth-}
 38211 | Vaults:2 | Reached skill level 10 in Shields
 38624 | Vaults:2 | Received a gift from Trog
 39595 | Vaults:3 | Received a gift from Trog
 39673 | Vaults:3 | Found a staircase to the Crypt.
 39750 | Vaults:3 | Reached XP level 21. HP: 148/148 MP: 21/21
 40082 | Vaults:3 | Reached skill level 15 in Shields
 40167 | Vaults:3 | Found a large runed translucent door.
 40167 | Vaults:3 | Found a large runed translucent door.
 40169 | Vaults:3 | Noticed Lofupn's ghost (adept SpEn)
 40728 | Vaults:3 | Killed Lofupn's ghost
 40867 | Vaults:3 | Identified the +5 halberd of Midnight {venom, *Noise Dex+2
                  | SInv}
 40960 | Vaults:4 | Found Wompai's Assorted Antiques.
 40969 | Vaults:4 | Bought a tin of tremorstones (2/2) for 1400 gold pieces
 40969 | Vaults:4 | Bought a scroll of teleportation for 105 gold pieces
 40969 | Vaults:4 | Bought a scroll of teleportation for 105 gold pieces
 41325 | Vaults:4 | Noticed a golden dragon
 41328 | Vaults:4 | Reached skill level 15 in Evocations
 41359 | Vaults:4 | Killed a golden dragon
 41405 | Vaults:4 | Received a gift from Trog
 41670 | Vaults:4 | Reached XP level 22. HP: 124/155 MP: 22/22
 42926 | Elf:3    | Entered Level 3 of the Elven Halls
 43167 | Elf:3    | Gained mutation: You are frail. (-10% HP) [a neqoxec]
 43172 | Elf:3    | Received a gift from Trog
 43191 | Elf:3    | Lost mutation: You are frail. (-10% HP) [potion of
                  | mutation]
 43191 | Elf:3    | Gained mutation: You tend to lose your temper in combat.
                  | [potion of mutation]
 43191 | Elf:3    | Gained mutation: Your mind is acute. (Int +2) [potion of
                  | mutation]
 43192 | Elf:3    | Lost mutation: You tend to lose your temper in combat.
                  | [potion of mutation]
 43192 | Elf:3    | Lost mutation: Your mind is acute. (Int +2) [potion of
                  | mutation]
 43192 | Elf:3    | Gained mutation: You evolve. [potion of mutation]
 43192 | Elf:3    | Gained mutation: You have a pair of small antennae on your
                  | head. [potion of mutation]
 43192 | Elf:3    | Gained mutation: You are frail. (-10% HP) [potion of
                  | mutation]
 43196 | Elf:3    | Lost mutation: You evolve. [potion of mutation]
 43196 | Elf:3    | Lost mutation: You are frail. (-10% HP) [potion of
                  | mutation]
 43196 | Elf:3    | Lost mutation: You have a pair of small antennae on your
                  | head. [potion of mutation]
 43196 | Elf:3    | Gained mutation: You are robust. (+10% HP) [potion of
                  | mutation]
 43196 | Elf:3    | Gained mutation: You possess an exceptional clarity of
                  | mind. [potion of mutation]
 43323 | Elf:3    | Identified the +1 eveningstar of Doinumn {drain, rElec rC-
                  | SInv}
 43470 | Elf:3    | Identified the +6 short sword of Dinobev {vamp, rCorr
                  | Stlth+}
 43825 | Elf:3    | Identified the +1 hand axe of Fedhas's Felicitations
                  | {vorpal, rElec rF+ Dex-4}
 43873 | Elf:3    | Identified the Tome of Combat Magic and Creation
 43880 | Elf:3    | Identified Sophisticated Theurgy
 43883 | Elf:3    | Identified the ring of Biustali {rF+ rC+ Dex+6 SInv Stlth+}
 43890 | Elf:3    | Identified the +0 leather armour of the Fiend {Stlth+}
 44602 | Elf:3    | Found a portal to a secret trove of treasure.
 45084 | Vaults:5 | Entered Level 5 of the Vaults
 45230 | Vaults:5 | Reached skill level 22 in Fighting
 45278 | Vaults:5 | Noticed a dread lich
 45285 | Vaults:5 | Reached XP level 23. HP: 143/178 MP: 23/23
 45297 | Vaults:5 | Killed a dread lich
 45450 | Vaults:5 | Received a gift from Trog
 45504 | Vaults:5 | Noticed a dread lich
 45545 | Vaults:5 | Killed a dread lich
 45874 | Vaults:5 | Noticed a caustic shrike
 45881 | Vaults:5 | Noticed a golden dragon
 45881 | Vaults:5 | a caustic shrike changed into a golden dragon
 45882 | Vaults:5 | Killed a golden dragon
 46279 | Vaults:5 | Found the +3 pair of seven-league boots {Rampage+∞}
 46330 | Vaults:5 | Received a gift from Trog
 46549 | Vaults:5 | Got a silver rune of Zot
 46619 | Vaults:5 | Reached XP level 24. HP: 182/187 MP: 23/23
 46769 | Vaults:5 | Identified the +3 glaive of the Revolution {distort, rF++
                  | Int+6 Dex-3}
 46769 | Vaults:5 | Identified the +1 robe of Objectivity {Str+2 Int-2 SInv}
 46769 | Vaults:5 | Identified the amulet "Votopaed" {RegenMP Int+5 Dex+2}
 46784 | Vaults:5 | Reached skill level 23 in Fighting
 47282 | Temple   | Entered the Ecumenical Temple
 47499 | D:10     | Fell from the grace of Trog
 47499 | D:10     | Became a worshipper of Makhleb the Destroyer
 47635 | Depths:1 | Entered Level 1 of the Depths
 47706 | Depths:1 | Found Vocsaf's Jewellery Shoppe.
 47885 | Depths:1 | Found a radiant altar of Vehumet.
 48073 | Depths:1 | Reached * piety under Makhleb
 48183 | Depths:1 | Found the +9 scales of the Dragon King {rPois rF+ rC+
                  | Will+}
 48273 | Depths:1 | Identified a scroll of acquirement
 48275 | Depths:1 | Acquired a manual of Evocations
 48374 | Depths:1 | Reached ** piety under Makhleb
 48475 | Depths:1 | Identified the +0 hat of Caesta {SInv}
 48577 | Depths:1 | Found a corrupted altar of Lugonu.
 48577 | Depths:1 | Found a one-way gate to the infinite horrors of the Abyss.
 48818 | Depths:1 | Found a gateway to Hell.
 48899 | Depths:1 | Found a one-way gate leading to the halls of Pandemonium.
 49006 | Depths:2 | Found Vewn's Distillery.
 49009 | Depths:2 | Bought a potion of mutation for 192 gold pieces
 49009 | Depths:2 | Bought a potion of mutation for 192 gold pieces
 49009 | Depths:2 | Bought a potion of heal wounds for 120 gold pieces
 49009 | Depths:2 | Bought a potion of invisibility for 192 gold pieces
 49009 | Depths:2 | Bought a potion of curing for 72 gold pieces
 49014 | Depths:2 | Found a shimmering blue altar of Sif Muna.
 49076 | Depths:2 | Found a corrupted altar of Lugonu.
 49380 | Depths:2 | Reached skill level 1 in Invocations
 49466 | Depths:2 | Found a gateway to a ziggurat.
 49697 | Depths:2 | Reached *** piety under Makhleb
 49710 | Depths:2 | Paralysed by a floating eye for 3 turns
 49721 | Depths:2 | Paralysed by a floating eye for 2 turns
 49891 | Depths:2 | Found a transporter.
 49896 | Depths:2 | Found a transporter.
 49958 | Depths:2 | Reached XP level 25. HP: 194/194 MP: 24/24
 50456 | Depths:2 | Reached **** piety under Makhleb
 50461 | Depths:2 | Paralysed by accursed screaming for 2 turns
 50471 | Depths:2 | Paralysed by accursed screaming for 2 turns
 50502 | Depths:2 | Identified the ring of Equivalence {rElec rF+ Will- Int+4}
 51075 | Depths:3 | Reached ***** piety under Makhleb
 51081 | Depths:3 | Found an iron altar of Okawaru.
 51141 | Depths:3 | Found a white marble altar of Elyvilon.
 51238 | Depths:3 | Paralysed by Trog for 5 turns
 51596 | Depths:3 | Found the ring of Shadows {Umbra +Inv Stlth+}
 51604 | Depths:3 | Identified the +10 short sword "Weitweg" {freeze, Str+4}
 51720 | Depths:4 | Reached skill level 5 in Invocations
 51730 | Depths:4 | Noticed Xtahua
 51741 | Depths:4 | Killed Xtahua
 51786 | Depths:4 | You are sucked into a shaft and drop 1 floor!
 51786 | Depths:5 | Entered Level 5 of the Depths
 51871 | Depths:5 | Found Aphuck Dyen's General Store.
 51871 | Depths:5 | Found Ypynikipa's Jewellery Emporium.
 52132 | Depths:5 | Reached skill level 24 in Fighting
 52305 | Depths:5 | Reached ****** piety under Makhleb
 52306 | Depths:5 | Reached XP level 26. HP: 199/201 MP: 27/27
 52391 | Depths:5 | Found a gate to the Realm of Zot.
 52412 | Depths:5 | Reached skill level 15 in Armour
 53451 | Depths:2 | Voluntarily entered the Abyss.
 53454 | Abyss:1  | Found a corrupted altar of Lugonu.
 54705 | Abyss:2  | Noticed an ancient lich
 54722 | Abyss:2  | Killed an ancient lich
 55151 | Abyss:3  | Paralysed by accursed screaming for 2 turns
 55172 | Abyss:3  | Reached XP level 27. HP: 210/210 MP: 29/29
 55529 | Abyss:3  | Gained mutation: Your spells are a little easier to cast,
                  | but a little less powerful. [a neqoxec]
 55797 | Abyss:3  | Gained mutation: Your magical capacity is low. (-10% MP) [a
                  | neqoxec]
 55989 | Abyss:4  | Lost mutation: You possess an exceptional clarity of mind.
                  | [potion of mutation]
 55989 | Abyss:4  | Gained mutation: Your body sometimes deteriorates upon
                  | taking damage. [potion of mutation]
 55989 | Abyss:4  | Gained mutation: You evolve. [potion of mutation]
 55989 | Abyss:4  | Gained mutation: You occasionally shout uncontrollably at
                  | your foes. [potion of mutation]
 55989 | Abyss:4  | Gained mutation: You possess an exceptional clarity of
                  | mind. [potion of mutation]
 55990 | Abyss:4  | Lost mutation: You are robust. (+10% HP) [potion of
                  | mutation]
 55990 | Abyss:4  | Lost mutation: Your body sometimes deteriorates upon taking
                  | damage. [potion of mutation]
 55990 | Abyss:4  | Lost mutation: Your magical capacity is low. (-10% MP)
                  | [potion of mutation]
 55990 | Abyss:4  | Gained mutation: You have a pair of small horns on your
                  | head. [potion of mutation]
 55991 | Abyss:4  | Lost mutation: You evolve. [potion of mutation]
 55991 | Abyss:4  | Lost mutation: You have a pair of small horns on your head.
                  | [potion of mutation]
 55991 | Abyss:4  | Lost mutation: Your spells are a little easier to cast, but
                  | a little less powerful. [potion of mutation]
 55991 | Abyss:4  | Gained mutation: You have a pair of small horns on your
                  | head. [potion of mutation]
 55991 | Abyss:4  | Gained mutation: You are partially covered in iridescent
                  | scales. (AC +2) [potion of mutation]
 56058 | Abyss:4  | Noticed a dread lich
 56068 | Abyss:4  | Killed a dread lich
 56069 | Abyss:4  | Reached skill level 10 in Invocations
 56143 | Abyss:5  | Entered Level 5 of the Abyss
 56531 | Abyss:5  | Gained mutation: You are frail. (-10% HP) [a neqoxec]
 56543 | Abyss:5  | Lost mutation: You possess an exceptional clarity of mind.
                  | [a neqoxec]
 56550 | Abyss:5  | Paralysed by accursed screaming for 2 turns
 56561 | Abyss:5  | Paralysed by accursed screaming for 2 turns
 56567 | Abyss:5  | Paralysed by accursed screaming for 2 turns
 56620 | Abyss:5  | Paralysed by accursed screaming for 2 turns
 56624 | Abyss:5  | Paralysed by accursed screaming for 2 turns
 56635 | Abyss:5  | Paralysed by accursed screaming for 2 turns
 56636 | Abyss:5  | Gained mutation: Your magical capacity is low. (-10% MP) [a
                  | neqoxec]
 56641 | Abyss:5  | Paralysed by accursed screaming for 2 turns
 56654 | Abyss:5  | Paralysed by accursed screaming for 2 turns
 56699 | Depths:2 | Escaped the Abyss
 56797 | Depths:2 | Lost mutation: You are frail. (-10% HP) [potion of
                  | mutation]
 56797 | Depths:2 | Gained mutation: You expend magic power (3 MP) to
                  | strengthen your wands. [potion of mutation]
 56809 | Depths:2 | Voluntarily entered the Abyss.
 56853 | Abyss:1  | Reached skill level 25 in Fighting
 56980 | Depths:2 | Escaped the Abyss
 56982 | Depths:2 | Voluntarily entered the Abyss.
 57285 | Abyss:1  | Gained mutation: You sometimes lose the ability to read
                  | scrolls when taking damage. [a cacodemon]
 57345 | Depths:2 | Escaped the Abyss
 57347 | Depths:2 | Voluntarily entered the Abyss.
 57482 | Abyss:1  | Gained mutation: You tend to lose your temper in combat. [a
                  | neqoxec]
 57803 | Abyss:1  | Was forgiven by Trog
 57853 | Abyss:1  | Noticed an ancient lich
 57867 | Abyss:1  | Killed an ancient lich
 58167 | Abyss:1  | Gained mutation: Your magical capacity is very low. (-20%
                  | MP) [a neqoxec]
 58457 | Abyss:1  | Noticed a dread lich
 58480 | Abyss:1  | Killed a dread lich
 58501 | Abyss:1  | Quit the game

Illustrated notes

Levels and vault maps discovered:
D:1:      erik_arrival_cave_to_civilisation [erik_arrival_cave_to_hall],
          layout_basic, ebering_ecumenical_altar_mist,
          hangedman_abyss_or_decor_lesser_grid, minmay_misc_feat_rugged
D:2:      minmay_door_path, layout_rooms, serial_shops, shop
D:3:      layout_basic
D:4:      layout_gridville, nicolae_ru_path_of_blood, lemuel_doored_altar,
          ebering_ghost_sewer_d, minmay_misc_feat_enclosed, uniq_blork_the_orc
D:5:      layout_loops_corners, serial_shops, nicolae_shop_behind_doors,
          serial_park_tiny_pond, minmay_splitting_lines, serial_bayou_lagoon_a,
          kennysheep_opposing_triangles
D:6:      layout_gridville, nicolae_dithmenos_shadow_blocks,
          minmay_misc_feat_square, uniq_prince_ribbit1, uniq_eustachio,
          uniq_menkaure
D:7:      layout_cave_pools, kennysheep_mini_moat, lemuel_tele_altar,
          minmay_temple_entry_large_hall
D:8:      layout_gridville, dpeg_oklobed_lair, minmay_misc_feat_encased,
          uniq_maggie
D:9:      layout_stronghold, david_orc_2, enter_bailey_7,
          kennysheep_generic_room_4, uniq_psyche
D:10:     layout_cross, chequers_temple_overflow_minitemple,
          gammafunk_temple_overflow_wave, ashenzari_conservatory_becter
D:11:     layout_loops_corners, ebering_ghost_funeral_grove
D:12:     layout_rooms, nicolae_wwwww, roderic_roman_lattice, uniq_frances,
          uniq_snorg, uniq_maurice
D:13:     layout_loops_ring, serial_glass, glass_columns_b, glass_columns_a,
          glass_columns_a, glass_columns_b, glass_columns_a,
          nicolae_uskayaw_dance_hall
D:14:     layout_rooms, skrybe_vaults_entry_preservation, gammafunk_ghost_hive,
          uniq_louise
D:15:     grunt_enter_depths_hoard, layout_irregular_city, serial_shops, shop,
          chequers_serial_rivers_micro_c
Temple:   cyrus_temple_forest
Lair:1:   layout_layer_cave, portal_ice_cave_entry_imps, serial_bayou_shore_b
Lair:2:   layout_hall_layers, beast_lair_carwin_2, grunt_megastairs_3,
          minmay_lair_oklob_chamber
Lair:3:   layout_layer_cave, palyth_hydra_swamp_entry,
          nicolae_spider_entry_non_spiders
Lair:4:   layout_long_grid, nicolae_quartered_pool_medium
Lair:5:   layout_loops_ring, slime_altar_1, uniq_nessos
Lair:6:   gammafunk_lair_ancient_temple, layout_regular_city,
          gammafunk_ghost_ooze, st_stairs_8, uniq_sonja
Swamp:1:  layout_basic_swamp, nicolae_swamp_trees_clearing, swamp_pool1
Swamp:2:  nicolae_swamp_secret_spriggan_hideout, layout_basic_swamp,
          serial_swamp_ruin, evilmike_swamp_ruin_house_1,
          hangedman_swamp_ruin_hall
Swamp:3:  layout_basic_swamp, evilmike_swamp_ruin_house_6, swamp_pool1,
          infiniplex_staircase_pool_2
Swamp:4:  grunt_swamp_rune_castle, layout_basic_swamp, swamp_pool4
Spider:1: layout_chambers
Spider:2: layout_chambers
Spider:3: nicolae_spider_mines_2, uniq_bai_suzhen
Spider:4: spider_rune_water, nzn_ghost_randoct, uniq_aizul
Orc:1:    layout_caves, david_defended_altar_orc
Orc:2:    st_orc_elflike, layout_caves, serial_shops,
          nicolae_shop_overgrown_old_shop
Elf:1:    layout_geoelf_diagonals, serial_shops, nicolae_shop_crystal,
          hangedman_elf_represent
Elf:2:    layout_geoelf_grid, serial_shops, shop_statue, lemuel_upstairs_altar
Elf:3:    minmay_elf_hall_spiked, layout_geoelf_castle, enter_trove_5
Vaults:1: grunt_vaults_diagonal, nicolae_vaults_hallways_thing, v_alt_pattern_6,
          nicolae_vaults_network_star, ontoclasm_vaults_ring_large,
          nicolae_vaults_little_squares_3, ontoclasm_vaults_decontamination,
          v_pattern_3, dpeg_vaults_monster_row, layout_vaults_chaotic_city,
          uniq_donald
Vaults:2: v_alt_pattern_2, v_misc_15, nicolae_vaults_network_square,
          nicolae_vaults_back_hallway, nicolae_vaults_gold_heap,
          nicolae_vaults_stairing_the_circle, nicolae_vaults_rhombus_7,
          vaults_dpeg_doors, nicolae_vaults_little_squares_5,
          layout_vaults_omnigrid, serial_shops, nicolae_shop_statue_plus
Vaults:3: ebering_vaults_ghost_disaster_area, vaults_dpeg_hooks,
          v_alt_pattern_1, nicolae_vaults_windows_and_doors_thing, v_misc_12,
          nicolae_vaults_what_the_h, minmay_crypt_entry_simple_plaza,
          st_squares, vaults_standard_mumra_lines, hangedman_vaults_stagger,
          ontoclasm_vaults_spin, grunt_vaults_hallway_short,
          layout_vaults_omnibox
Vaults:4: v_misc_12, vaults_room_stairs_pillars, v_misc_17, st_greater_box_1,
          nicolae_vaults_triangles, grunt_vaults_funnel, vaults_room_door_hall,
          ontoclasm_vaults_loading_screen, nicolae_vaults_shelves_hall,
          vaults_room_door_hall, vaults_dpeg_diagonal, ontoclasm_vaults_tryst,
          nicolae_vaults_little_squares_3, layout_vaults_maze, serial_shops,
          nicolae_shop_temple_entry_statues_fountains
Vaults:5: uniq_margery
Depths:1: minmay_central_circle, layout_gridville, hangedman_geh_valley,
          serial_shops, nicolae_shop_statue_plus, hangedman_decor_push,
          rand_demon_pan_entry_4, abyss_entry_flame_altar, grunt_decor_fettered,
          fiery_altar_vehumet, firewood_loft
Depths:2: gammafunk_corrupted_shrine, layout_honeycomb, enter_ziggurat_e,
          nicolae_sif_muna_condensation, lightli_too_deep, serial_shops, shop,
          nicolae_abyss_entry_one_way_or_another, grunt_ministairs_5,
          chequers_serial_rivers_room_b, hangedman_eye_storm,
          infiniplex_staircase_pillars_2
Depths:3: minmay_broken_ring, layout_basic, elyvilon_altar_5, hell_entry,
          grunt_pan_entry_zigzag, chequers_serial_rivers_marsh,
          amcnicky_mini_rare_corridor_liquid, okawaru_altar_gauntlet_db
Depths:4: nicolae_whirlpool, layout_cave_pools, rand_demon_pan_entry_3,
          chequers_serial_rivers_micro_b, hell_entry,
          hangedman_abyss_entry_splay, uniq_xtahua
Depths:5: grunt_zot_entry_hairpin, layout_cave_shapes, hell_entry,
          nrook_campfire, serial_bayou_shore_a, minmay_shoptagon
Abyss:1:  base: D:13, minivault_23, evilmike_abyss_exit_15,
          evilmike_abyss_exit_15, base: Crypt:1, base: Vaults:1,
          bh_abyss_negative, base: D:1, minivault_11, hangedman_abyss_theft

Skill      XL: |  1  2  3  4  5  6  7  8  9 10 11 12 13 14 15 16 17 18 19 20 21 22 23 24 25 26 27 |
---------------+----------------------------------------------------------------------------------+-----
Maces & Flails | 4 5 6 7 9 11 13 14 16 17 19 | 19.2
Fighting       | 4 5 7 9 11 14 15 17 18 19 20 21 22 23 24 25 | 25.3
Dodging        | 3 5 7 8 9 10 11 12 | 12.6
Armour         | 4 7 9 11 12 13 14 15 | 15.8
Shields        | 3 6 7 8 14 16 17 18 | 18.2
Evocations     | 4 8 10 13 14 16 18 19 20 21 22 | 22.6
Invocations    | 2 6 8 14 | 14.6

Action                   |  1- 3 |  4- 6 |  7- 9 | 10-12 | 13-15 | 16-18 | 19-21 | 22-24 | 25-27 || total
-------------------------+-------+-------+-------+-------+-------+-------+-------+-------+-------++-------
Melee: Mace              |   118 |   109 |       |       |       |       |       |       |       ||   227
       Morningstar       |       |    51 |    89 |       |       |       |       |       |       ||   140
       Whip              |       |       |   194 |   639 |  1290 |   298 |       |       |       ||  2421
       Eveningstar       |       |       |       |       |       |  1128 |  1502 |  1864 |  2942 ||  7436
       Headbutt          |       |       |       |       |       |       |       |       |   320 ||   320
Invok: Berserk           |     2 |     5 |    13 |    22 |    28 |    20 |    25 |    15 |       ||   130
       Brothers in Arms  |       |       |       |     4 |     6 |    21 |     8 |     8 |       ||    47
       Trog's Hand       |       |       |       |       |     1 |     1 |       |     4 |       ||     6
       Major Destruction |       |       |       |       |       |       |       |       |     1 ||     1
Evoke: Condenser vane    |       |       |       |       |       |       |     1 |     1 |       ||     2
       Lightning rod     |       |       |       |       |       |       |       |     4 |       ||     4
       Wand              |       |       |       |       |       |       |       |     2 |       ||     2
       Tin of tremorston |       |       |       |       |       |       |       |       |     2 ||     2
  Use: Potion            |       |     4 |       |     3 |     5 |    10 |     1 |    12 |    19 ||    54
       Scroll            |       |       |       |    15 |    18 |     7 |     3 |    22 |     3 ||    68
 Stab: Sleeping          |     1 |       |       |       |       |       |       |       |       ||     1
       Invisible         |       |       |       |       |     3 |       |       |       |    22 ||    25
       Distracted        |       |       |       |       |       |     3 |       |       |     1 ||     4
Armor: Animal skin       |    33 |       |       |       |       |       |       |       |       ||    33
       Ring mail         |    12 |    49 |       |       |       |       |       |       |       ||    61
       Scale mail        |       |    24 |    68 |       |       |       |       |       |       ||    92
       Skin              |       |     4 |       |       |       |       |       |       |       ||     4
       Plate armour      |       |       |    76 |   361 |   806 |  1517 |   865 |   950 |       ||  4575
       Gold dragon scale |       |       |       |       |       |       |       |   255 |  2343 ||  2598
Dodge: Dodged            |    66 |   107 |   106 |   213 |   580 |   819 |   464 |   613 |  1424 ||  4392
Block: Buckler           |       |       |       |       |     8 |   359 |   129 |       |       ||   496
       Kite shield       |       |       |       |       |       |       |   526 |  1228 |  2558 ||  4312

Table legend: (Time is in decaauts)
 A = Elapsed time spent in this place.
 B = Non-inter-level travel time spent in this place.
 C = Inter-level travel time spent in this place.
 D = Time resting spent in this place.
 E = Time spent auto-exploring this place.
 F = Levels seen in this place.
 G = Mean time per level.
                   A        B        C        D        E       F      G
               +--------+--------+--------+--------+--------+-----+--------+
         Total |  56437 |  51340 |   5097 |   7150 |  32146 |  54 | 1045.1 |
       Dungeon |  16683 |  14595 |   2088 |   2672 |   9812 |  15 | 1112.2 |
        Temple |     91 |     58 |     33 |      0 |     45 |   1 |   91.0 |
          Lair |   6336 |   5830 |    506 |    739 |   4254 |   6 | 1056.0 |
         Swamp |   2678 |   2519 |    159 |    378 |   1483 |   4 |  669.5 |
   Spider Nest |   5278 |   4734 |    544 |    906 |   2885 |   4 | 1319.5 |
  Orcish Mines |   1745 |   1417 |    328 |    208 |    988 |   2 |  872.5 |
   Elven Halls |   3899 |   3577 |    322 |    349 |   2296 |   3 | 1299.7 |
        Vaults |   8838 |   8105 |    733 |   1461 |   4481 |   5 | 1767.6 |
        Depths |   5547 |   5165 |    382 |    221 |   3067 |   5 | 1109.4 |
         Abyss |   4404 |   4404 |      0 |     36 |   2359 |   8 |  550.5 |
      Ice Cave |    935 |    935 |      0 |    175 |    474 |   1 |  935.0 |
               +--------+--------+--------+--------+--------+-----+--------+

Top non-repeatable levels by time:
 Abyss:1: 2053 daAuts
Vaults:2: 1962 daAuts
Vaults:3: 1857 daAuts
Depths:2: 1849 daAuts
Vaults:5: 1734 daAuts
     D:4: 1716 daAuts
   Elf:3: 1694 daAuts
Vaults:1: 1660 daAuts
Vaults:4: 1622 daAuts
     D:9: 1562 daAuts
Spider:2: 1526 daAuts
Spider:1: 1521 daAuts
  Lair:1: 1322 daAuts
Spider:3: 1319 daAuts
    D:15: 1301 daAuts
